Map: Eternal Empire LE

Players

Reynor - Winner!

  • Race: Zerg Zerg
  • Spawn Location: 7:00

Vanya

  • Race: Zerg Zerg
  • League: Grandmaster
  • Spawn Location: 1:00

Event: DreamHack SC2 Masters 2020 Summer Europe

VOD

Have the link to the VOD?

Description

Time

  • Played on: July 5, 2020, 1:07 p.m.
  • Length: 6:09

All games in this series

Show
View Real Time Build Order
Export as new Build Order

Reynor Zerg - Winner!

Build Orders: Hatch First 

Get SALT Encoding   

  12  0:00  Drone  
  13  0:12  Overlord  
  13  0:16  Drone  
  14  0:30  Drone x2  
  16  0:48  Hatchery  
  15  0:51  Drone  
  15  0:54  Drone  
  17  0:58  Drone  
  18  1:08  Extractor  
  17  1:13  Spawning Pool  
  17  1:16  Drone  
  17  1:20  Drone  
  18  1:27  Drone  
  19  1:39  Drone  
  20  1:49  Drone  
  21  1:59  Overlord  
  21  2:00  Queen x2  
  21  2:01  Zergling x2  
  26  2:09  Metabolic Boost  
  26  2:10  Drone  
  26  2:12  Drone  
  28  2:22  Drone x2  
  30  2:34  Zergling x2  
  31  2:38  Hatchery  
  31  2:40  Drone  
  31  2:43  Drone  
  32  2:46  Drone  
  33  2:53  Baneling Nest  
  33  2:55  Overlord  
  33  2:57  Drone  
  33  3:04  Drone x2  
  35  3:10  Zergling x2  
  36  3:14  Zergling x8  
  36  3:16  Drone  
  41  3:20  Overlord  
  41  3:25  Drone  
  42  3:30  Drone  
  42  3:34  Drone  
  42  3:38  Evolution Chamber  
  42  3:40  Queen  
  44  3:41  Drone  
  44  3:43  Drone x3  
  44  3:45  Baneling  
  48  3:48  Overlord  
  48  3:51  Drone  
  48  3:53  Drone  
  49  3:56  Drone  
  49  4:01  Drone  
  50  4:05  Drone x2  
  50  4:09  Zerg Ground Armor Level 1  
  52  4:10  Roach Warren  
  52  4:12  Drone x3  
  52  4:14  Baneling  
  52  4:15  Zergling x2  
  55  4:18  Zergling x2, Extractor x2  
  55  4:21  Zergling x4  
  55  4:23  Drone  
  55  4:24  Zergling x2  
  58  4:31  Overlord  
  58  4:35  Drone x3  
  61  4:40  Drone  
  62  4:48  Overlord x2  
  62  4:50  Zergling x10  
  62  4:51  Zergling x2  
  68  4:58  Roach x3  
  74  5:04  Overlord  
  74  5:07  Roach x3  
  80  5:15  Roach x3  
  80  5:20  Roach x2, Baneling Nest  
  89  5:21  Zergling x2  
  89  5:22  Zergling x2  
  89  5:28  Zergling x10  
  96  5:33  Baneling x3  
  96  5:35  Overlord x2  
  96  5:37  Zergling x2  
  98  5:46  Overlord  
  98  5:55  Ravager x3  
  98  5:56  Ravager  
Show
View Real Time Build Order
Export as new Build Order

Vanya Zerg 

Build Orders: Hatch First 

Get SALT Encoding   

  12  0:00  Drone  
  13  0:13  Overlord  
  13  0:16  Drone  
  14  0:31  Drone x2  
  16  0:48  Hatchery  
  15  0:52  Drone  
  15  0:55  Drone  
  17  0:59  Drone  
  18  1:09  Extractor  
  17  1:15  Spawning Pool  
  17  1:16  Drone  
  17  1:20  Drone  
  18  1:29  Drone  
  19  1:39  Drone  
  20  1:52  Overlord  
  20  2:01  Queen x2  
  20  2:03  Zergling x4  
  26  2:11  Drone x2  
  26  2:12  Metabolic Boost  
  28  2:22  Drone x2  
  30  2:35  Hatchery  
  29  2:38  Zergling x2  
  29  2:44  Zergling x2  
  31  2:45  Drone x2  
  33  2:57  Baneling Nest  
  32  2:59  Overlord  
  32  3:04  Drone x2  
  33  3:08  Queen  
  35  3:18  Drone  
  35  3:19  Drone x3  
  39  3:23  Overlord  
  39  3:27  Zergling x4  
  39  3:30  Drone x2  
  43  3:39  Zergling x2  
  44  3:43  Baneling x3, Zergling x8  
  48  3:50  Zergling x4  
  48  3:55  Drone  
  51  4:01  Drone x2  
  51  4:02  Lair  
  52  4:10  Extractor  
  52  4:11  Extractor  
  52  4:13  Drone x5  
  52  4:15  Evolution Chamber  
  54  4:17  Drone  
  54  4:18  Drone x2  
  54  4:21  Drone  
  58  4:29  Overlord  
  58  4:34  Overlord  
  58  4:35  Drone  
  58  4:38  Overlord  
  58  4:49  Drone  
  58  4:50  Drone x7  
  66  4:54  Overlord  
  66  4:57  Drone  
  66  4:58  Drone  
  66  4:59  Drone x2  
  69  5:08  Spire  
  69  5:09  Drone x2, Extractor  
  69  5:10  Drone  
  70  5:15  Drone x4  
  70  5:20  Overlord  
  74  5:28  Drone x8  
  77  5:31  Extractor  
  77  5:32  Drone, Extractor  
  80  5:37  Drone  
  81  5:43  Hatchery  
  81  5:47  Spine Crawler  
  81  5:48  Spine Crawler  
  81  5:49  Spine Crawler  
  78  5:50  Spine Crawler  
  78  5:51  Spine Crawler  
Tags
 
Add a new tag
Caveats
  • Supply blocks, unpowered buildings, or Contaminate may cause inaccurate times.
  • Supply counts are checked every 10 seconds.